 Dungeon Crawl Stone Soup version 0.31-a0-925-g0a390f2509 (webtiles) character file.

Game seed: 10643979566904051277

420 LadyBoffin the Chiller (level 6, -11/41 HPs)
             Began as a Merfolk Ice Elementalist on Oct 18, 2023.
             Mangled by an ogre
             ... wielding a +0 giant spiked club
              (17 damage)
             ... on level 3 of the Dungeon.
             The game lasted 00:43:35 (3671 turns).

LadyBoffin the Chiller (Merfolk Ice Elementalist)   Turns: 3671, Time: 00:43:38

Health: -11/41     AC:  9    Str:  6    XL:     6   Next: 94%
Magic:  4/12       EV: 12    Int: 16    God:
Gold:   121        SH:  0    Dex: 15    Spells: 6/13 levels left

rFire   . . .        f - +0 dagger
rCold   . . .        (no shield)
rNeg    . . .        n - +0 leather armour
rPois   +            (no helmet)
rElec   .            (no cloak)
rCorr   .            h - +0 pair of gloves
SInv    .            (no boots)
Will    .....        (no amulet)
Stlth   ++           (no ring)
HPRegen 0.26/turn    (no ring)
MPRegen 0.13/turn

%: no passive effects
@: ice-armoured, freezing walls
A: (nimble swimmer 2), mertail, poison resistance, weak 1
a: no special abilities


You were on level 3 of the Dungeon.
You visited 1 branch of the dungeon, and saw 4 of its levels.

You collected 121 gold pieces.

Inventory:

Hand Weapons
 d - a +3 flail of protection
 f - a +0 dagger (weapon)
 m - a +0 mace
 q - a +0 short sword
Missiles
 c - 29 stones
 i - a throwing net
Armour
 a - a +0 robe
 h - a +0 pair of gloves (worn)
 n - a +0 leather armour (worn)
Potions
 b - a potion of magic
 e - a potion of mutation
 l - 2 potions of enlightenment


   Skills:
 + Level 1.6 Short Blades
 - Level 0.9 Armour
 * Level 4.0 Dodging
 + Level 2.9 Stealth
 + Level 4.2 Spellcasting
 + Level 6.3 Ice Magic


You had 6 spell levels left.
You knew the following spells:

 Your Spells              Type           Power      Damage    Failure   Level
a - Freeze                Ice            92%        1d9       1%          1
b - Frozen Ramparts       Ice            46%        1d7       6%          3
c - Ozocubu's Armour      Ice            23%        N/A       6%          3

Your spell library contained the following spells:

 Spells                   Type           Power      Damage    Failure   Level
 Summon Ice Beast         Ice/Summ       13%        N/A       56%         4
 Dazzling Flash           Conj/Hex       6%         N/A       61%         3
 Agony                    Necr           3%         N/A       100%        5
 Silence                  Hex/Air        1%         N/A       100%        5


Dungeon Overview and Level Annotations

Branches:
Dungeon (4/15)
 Temple: D:4-7

Altars:
Dithmenos

Annotations:
D:4 Dowan, Duvessa, Ijyb


Innate Abilities, Weirdness & Mutations

((You are very nimble when in or above water. (Stealth+, EV+, Speed+++)))
Your lower body shifts to a powerful aquatic tail in water.
Your system is resistant to poisons. (rPois)
You are weak. (Str -2)


Message History

Welcome back, LadyBoffin the Merfolk Ice Elementalist.
Press ? for a list of commands and other information.
You see here a +0 leather armour.
There is a stone staircase leading down here.
You climb downwards.
Level annotation: Dowan, Duvessa, Ijyb The ogre shouts!
Dowan shouts!
The ogre misses you. Duvessa hits you with a +0 rapier!
There is a stone staircase leading up, spattered with blood here.
The ogre closely misses you. Duvessa hits you with a +0 rapier!
You climb upwards.
There is a stone staircase leading down here.
Cast which spell? (? or * to list)
A film of ice covers your body! The ogre misses you.
Casting: Ozocubu's Armour (dangerous; 6% risk of failure)
Confirm with . or Enter, or press ? or * to list all spells.
Casting: Frozen Ramparts (dangerous; 6% risk of failure)
Press: ? - help, Dir - look around, f - activate A stone staircase leading down.
The walls around you are covered in ice.
Casting: Frozen Ramparts (dangerous; 6% risk of failure)
Confirm with . or Enter, or press ? or * to list all spells.
Aiming: Freeze (safe; 1% risk of failure)
Press: ? - help, Shift-Dir - straight line, f - ogre
Aim: an ogre, wielding a +0 giant spiked club You freeze the ogre.
The ogre is moderately wounded.
The wall freezes the ogre.
The ogre hits you with a +0 giant spiked club!
* * * LOW HITPOINT WARNING * * *
Casting: Freeze (safe; 1% risk of failure)
Confirm with . or Enter, or press ? or * to list all spells.
Aiming: Freeze (safe; 1% risk of failure)
Press: ? - help, Shift-Dir - straight line, f/p - ogre
Aim: an ogre, wielding a +0 giant spiked club (moderately wounded)
You freeze the ogre.
The ogre is heavily wounded.
The wall freezes the ogre.
The ogre hits you with a +0 giant spiked club!
You die...

### ####### ##.##
##.....##
####...###.......##
.....#.##.......@O#
######..#.........#
#### ##...........#
...# ###.........#
##.######.........#
#.##............##
##....###.........#
...##..##.........#
######.##.........#


You could see an ogre.

Vanquished Creatures
  Edmund (D:3)
  A water moccasin (D:3)
  A phantom (D:3)
  4 gnolls (D:3)
  4 adders
  A dart slug (D:2)
  4 orcs (D:3)
  A ball python (D:1)
  8 endoplasms
  A giant cockroach (D:3)
  5 hobgoblins
  A quokka (D:3)
  A bat (D:3)
  A frilled lizard (D:1)
  7 goblins
  2 kobolds
  7 rats
50 creatures vanquished.

Notes
Turn   | Place    | Note
-------+----------+-------------------------------------------
     0 | D:1      | LadyBoffin the Merfolk Ice Elementalist began the quest for
                  | the Orb.
     0 | D:1      | Reached XP level 1. HP: 13/13 MP: 3/3
   242 | D:1      | Reached XP level 2. HP: 19/19 MP: 1/5
   736 | D:2      | Reached skill level 5 in Ice Magic
   736 | D:2      | Reached XP level 3. HP: 20/24 MP: 3/6
   790 | D:2      | Found a shadowy altar of Dithmenos.
  2011 | D:3      | Reached XP level 4. HP: 30/30 MP: 2/8
  2195 | D:3      | Gained mutation: You are weak. (Str -2) [potion of
                  | mutation]
  2195 | D:3      | Gained mutation: Your system is resistant to poisons.
                  | (rPois) [potion of mutation]
  2291 | D:3      | Noticed a water moccasin
  2316 | D:3      | Killed a water moccasin
  2317 | D:3      | Reached XP level 5. HP: 8/35 MP: 1/10
  2509 | D:3      | Learned a level 3 spell: Frozen Ramparts
  2511 | D:4      | Noticed a phantom
  2513 | D:4      | Noticed Edmund
  2641 | D:4      | Noticed Duvessa
  2641 | D:4      | Noticed Dowan
  2923 | D:4      | Noticed Ijyb
  2939 | D:3      | Killed Edmund
  2940 | D:3      | Reached skill level 1 in Short Blades
  2940 | D:3      | Reached skill level 6 in Ice Magic
  2940 | D:3      | Reached XP level 6. HP: 9/41 MP: 0/11
  3108 | D:3      | Learned a level 3 spell: Ozocubu's Armour
  3642 | D:3      | Upgraded the game from 0.31-a0-920-g28cbb04a8c to
                  | 0.31-a0-925-g0a390f2509
  3671 | D:3      | Mangled by an ogre

Illustrated notes

Levels and vault maps discovered:
D:1:      dpeg_arrival_signposts, layout_basic
D:2:      layout_basic, basic_altar
D:3:      layout_rooms
D:4:      layout_rooms, mainiacjoe_overflow_alcove_2, ebering_ghost_rock_garden,
          uniq_ijyb, uniq_edmund, uniq_duvessa

Skill      XL: |  1  2  3  4  5  6 |
---------------+-------------------+-----
Ice Magic      | 5 6 |  6.3
Dodging        | 3 4 |  4.0
Spellcasting   | 3 4 |  4.2
Short Blades   | 1 |  1.6
Armour         | |  0.9
Stealth        | |  2.9

Action                     |  1- 3 |  4- 6 || total
---------------------------+-------+-------++-------
  Melee: Dagger            |     6 |    73 ||    79
   Cast: Freeze            |    55 |    42 ||    97
         Ozocubu's Armour  |       |     5 ||     5
         Frozen Ramparts   |       |     3 ||     3
    Use: Scroll            |     4 |     6 ||    10
         Potion            |       |     5 ||     5
 Armour: Robe              |    15 |       ||    15
         Leather armour    |     6 |    63 ||    69
         Skin              |       |     6 ||     6
  Dodge: Dodged            |    19 |    65 ||    84

Table legend: (Time is in decaauts)
 A = Elapsed time spent in this place.
 B = Non-inter-level travel time spent in this place.
 C = Inter-level travel time spent in this place.
 D = Time resting spent in this place.
 E = Time spent auto-exploring this place.
 F = Levels seen in this place.
 G = Mean time per level.
                   A        B        C        D        E       F      G
               +--------+--------+--------+--------+--------+-----+--------+
         Total |   3673 |   2935 |    738 |    616 |    498 |   4 |  918.2 |
       Dungeon |   3673 |   2935 |    738 |    616 |    498 |   4 |  918.2 |
               +--------+--------+--------+--------+--------+-----+--------+

Top non-repeatable levels by time:
     D:3: 1743 daAuts
     D:2: 1165 daAuts
     D:1: 726 daAuts
     D:4: 38 daAuts
